[ AOE2 MATCH · #504965097 ]
UnrankedBohemians vs Teutons
Player's team · LOSS
Rival team · WIN
[ REPLAY ANALYSIS · EXTRACTED FROM THE RECORDED GAME ]
Feudal
8:59
Castle
22:38
Imperial
38:10
| APM avg | 53.6 |
| APM peak | 81 |
| eAPM avg | 24.6 |
| Villagers / military | 198 / 163 |
Focus
⚔️ 28.1% · 🌾 71.9%
Spearman ×116 · Hand Cannoneer ×19 · Archer ×14 · Bombard Cannon ×6 · Hussite Wagon ×4 · Trebuchet (Packed) ×4
Feudal
8:25
Castle
23:37
Imperial
39:00
| APM avg | 44.6 |
| APM peak | 79 |
| eAPM avg | 31.0 |
| Villagers / military | 196 / 223 |
Focus
⚔️ 42.6% · 🌾 57.4%
Knight ×108 · Skirmisher ×91 · Trebuchet (Packed) ×7 · Bombard Cannon ×6 · Mangonel ×5 · Monk ×3
Match map
Initial resources + every placement click. Lines = walls · curves = elevation contours. ◆ gold · ⬟ stone · ● berries · ✦ relic · ◌ wall gap
Your base· ✓ Closed at 22:38 · 0t walls · no gate
elbanovic's base· ✓ Closed at 23:37 · 80t walls · 1 gate(s)
Smoothed initial terrain · ◌ = detected wall gap · hover for details
Inputs per minute
— Mattroid 99 - - elbanovic
Build order — Mattroid 99
First 150 of 428 actions detected
| 0:00 | Queue | Villager (Male) ×4 |
| 0:02 | Build | House |
| 0:03 | Build | House |
| 0:07 | Build | House |
| 1:38 | Queue | Villager (Male) |
| 1:52 | Queue | Villager (Male) |
| 2:06 | Build | Lumber Camp |
| 2:31 | Queue | Villager (Male) |
| 2:58 | Queue | Villager (Male) |
| 2:59 | Queue | Villager (Male) |
| 3:51 | Queue | Villager (Male) |
| 3:55 | Build | House |
| 3:56 | Build | House |
| 4:17 | Queue | Villager (Male) |
| 4:44 | Queue | Villager (Male) |
| 4:44 | Queue | Villager (Male) |
| 4:59 | Build | Mining Camp |
| 5:04 | Queue | Villager (Male) |
| 5:28 | Queue | Villager (Male) |
| 5:29 | Queue | Villager (Male) |
| 6:12 | Research | Loom |
| 6:32 | Research | Feudal Age |
| 7:48 | Build | Barracks |
| 8:44 | Queue | Villager (Male) |
| 8:59 | Age | Feudal Age |
| 9:01 | Build | Archery Range |
| 9:08 | Queue | Villager (Male) |
| 9:26 | Queue | Villager (Male) |
| 9:31 | Queue | Archer |
| 9:32 | Queue | Archer |
| 10:07 | Build | Blacksmith |
| 10:14 | Build | House |
| 10:17 | Queue | Spearman |
| 10:36 | Queue | Villager (Male) |
| 10:37 | Queue | Villager (Male) |
| 10:51 | Build | House |
| 10:52 | Build | House |
| 10:58 | Queue | Villager (Male) |
| 11:06 | Build | Mining Camp |
| 11:14 | Research | Fletching |
| 11:48 | Queue | Archer |
| 11:52 | Build | Mill |
| 12:17 | Queue | Villager (Male) |
| 12:18 | Queue | Villager (Male) |
| 12:18 | Queue | Villager (Male) |
| 12:43 | Queue | Villager (Male) |
| 12:47 | Build | Watch Tower |
| 12:51 | Queue | Villager (Male) |
| 13:24 | Queue | Villager (Male) |
| 13:27 | Build | Farm |
| 13:28 | Build | House |
| 13:34 | Build | Farm |
| 13:54 | Build | Farm |
| 13:55 | Queue | Villager (Male) |
| 14:05 | Queue | Archer |
| 14:06 | Queue | Archer |
| 14:11 | Build | Farm |
| 14:34 | Queue | Villager (Male) |
| 14:37 | Build | Farm |
| 14:40 | Build | House |
| 14:45 | Queue | Villager (Male) |
| 14:48 | Build | Farm |
| 15:10 | Queue | Villager (Male) |
| 15:14 | Build | Farm |
| 15:17 | Build | Farm |
| 15:31 | Build | Farm |
| 15:32 | Build | Farm |
| 15:41 | Queue | Archer |
| 16:16 | Queue | Villager (Male) |
| 16:20 | Queue | Archer |
| 16:28 | Build | Mining Camp |
| 16:36 | Queue | Villager (Male) |
| 16:39 | Build | Farm |
| 16:47 | Queue | Archer |
| 17:02 | Build | House |
| 17:03 | Build | House |
| 17:04 | Build | House |
| 17:13 | Research | Town Watch |
| 17:16 | Queue | Villager (Male) |
| 18:00 | Queue | Villager (Male) |
| 18:07 | Build | Archery Range |
| 18:17 | Queue | Villager (Male) |
| 18:59 | Queue | Villager (Male) |
| 19:05 | Build | Market |
| 19:59 | Research | Castle Age |
| 20:00 | Queue | Archer |
| 20:03 | Queue | Archer |
| 20:42 | Queue | Archer |
| 21:06 | Queue | Archer |
| 22:38 | Age | Castle Age |
| 22:41 | Queue | Villager (Male) |
| 22:47 | Build | Castle |
| 22:58 | Research | Bodkin Arrow |
| 22:59 | Research | Crossbowman (upgrade) |
| 23:00 | Queue | Archer |
| 23:01 | Queue | Archer |
| 23:19 | Build | Town Center |
| 24:23 | Queue | Villager (Male) |
| 24:33 | Queue | Villager (Male) |
| 24:48 | Build | Lumber Camp |
| 24:53 | Queue | Hussite Wagon |
| 25:08 | Queue | Villager (Male) |
| 25:33 | Queue | Villager (Male) |
| 25:36 | Queue | Villager (Male) |
| 26:04 | Queue | Villager (Male) |
| 26:05 | Queue | Villager (Male) |
| 26:21 | Queue | Villager (Male) |
| 26:36 | Queue | Villager (Male) |
| 26:39 | Queue | Villager (Male) |
| 26:46 | Research | Double-Bit Axe |
| 26:55 | Queue | Villager (Male) |
| 27:05 | Queue | Hussite Wagon |
| 27:22 | Queue | Villager (Male) |
| 27:41 | Queue | Villager (Male) |
| 27:49 | Build | Town Center |
| 28:00 | Queue | Villager (Male) |
| 28:00 | Queue | Villager (Male) |
| 28:22 | Queue | Villager (Male) |
| 28:23 | Queue | Villager (Male) |
| 28:27 | Build | University |
| 28:30 | Queue | Villager (Male) |
| 28:33 | Build | Farm |
| 28:44 | Queue | Villager (Male) |
| 28:46 | Build | Farm |
| 29:14 | Queue | Villager (Male) |
| 29:15 | Queue | Villager (Male) |
| 29:17 | Research | Chemistry |
| 29:22 | Research | Horse Collar |
| 29:22 | Queue | Villager (Male) |
| 29:23 | Queue | Villager (Male) |
| 29:23 | Queue | Villager (Male) |
| 29:23 | Queue | Villager (Male) |
| 29:31 | Build | Farm |
| 29:34 | Build | Farm |
| 29:45 | Queue | Villager (Male) |
| 29:47 | Build | Farm |
| 29:48 | Build | Farm |
| 29:49 | Build | Farm |
| 29:55 | Queue | Villager (Male) |
| 29:55 | Queue | Villager (Male) |
| 30:00 | Queue | Villager (Male) |
| 30:13 | Build | Farm |
| 30:14 | Queue | Villager (Male) |
| 30:16 | Build | Farm |
| 30:26 | Queue | Villager (Male) |
| 30:31 | Build | Farm |
| 30:31 | Build | Farm |
| 30:31 | Build | Farm |
| 30:32 | Build | Farm |
| 30:32 | Build | Farm |
Build order — elbanovic
First 150 of 705 actions detected
| 0:00 | Queue | Villager (Male) |
| 0:00 | Queue | Villager (Male) |
| 0:01 | Queue | Villager (Male) |
| 0:01 | Queue | Villager (Male) |
| 0:01 | Queue | Villager (Male) |
| 0:02 | Build | House |
| 0:03 | Build | House |
| 1:36 | Queue | Villager (Male) |
| 1:49 | Build | Lumber Camp |
| 2:05 | Queue | Villager (Male) |
| 2:05 | Queue | Villager (Male) |
| 2:35 | Build | House |
| 2:40 | Queue | Villager (Male) |
| 3:13 | Queue | Villager (Male) |
| 3:40 | Queue | Villager (Male) |
| 3:40 | Queue | Villager (Male) |
| 3:51 | Queue | Villager (Male) |
| 4:19 | Queue | Villager (Male) |
| 4:39 | Build | Mill |
| 4:44 | Queue | Villager (Male) |
| 4:47 | Research | Loom |
| 4:55 | Queue | Villager (Male) |
| 6:12 | Research | Feudal Age |
| 6:30 | Build | Mining Camp |
| 7:12 | Queue | Villager (Male) |
| 7:49 | Build | House |
| 8:25 | Age | Feudal Age |
| 8:39 | Build | Watch Tower |
| 8:43 | Research | Double-Bit Axe |
| 8:44 | Queue | Villager (Male) |
| 9:03 | Build | Palisade Wall |
| 9:03 | Build | Palisade Wall |
| 9:04 | Build | Palisade Wall |
| 9:04 | Build | Palisade Wall |
| 9:06 | Build | Palisade Wall |
| 9:06 | Build | Palisade Wall |
| 9:07 | Build | Palisade Wall |
| 9:07 | Build | Palisade Wall |
| 9:07 | Build | Palisade Wall |
| 9:08 | Build | Palisade Wall |
| 9:08 | Build | Palisade Wall |
| 9:08 | Build | Palisade Wall |
| 9:08 | Build | Palisade Wall |
| 9:08 | Build | Palisade Wall |
| 9:12 | Queue | Villager (Male) |
| 9:30 | Build | Palisade Wall |
| 9:31 | Build | Palisade Wall |
| 9:31 | Build | Palisade Wall |
| 9:31 | Build | Palisade Wall |
| 9:31 | Build | Palisade Wall |
| 9:31 | Build | Palisade Wall |
| 9:32 | Build | Palisade Wall |
| 9:32 | Build | Palisade Wall |
| 9:32 | Build | Palisade Wall |
| 9:32 | Build | Palisade Wall |
| 9:33 | Build | Palisade Wall |
| 9:33 | Build | Palisade Wall |
| 9:33 | Build | Palisade Wall |
| 9:33 | Build | Palisade Wall |
| 9:34 | Build | Palisade Wall |
| 9:35 | Build | Palisade Wall |
| 9:39 | Build | Palisade Wall |
| 9:39 | Build | Palisade Wall |
| 9:39 | Build | Palisade Wall |
| 9:39 | Build | Palisade Wall |
| 9:40 | Build | Palisade Wall |
| 9:40 | Build | Palisade Wall |
| 9:40 | Build | Palisade Wall |
| 9:40 | Build | Palisade Wall |
| 9:41 | Build | Palisade Wall |
| 9:41 | Queue | Villager (Male) |
| 9:50 | Queue | Villager (Male) |
| 10:03 | Build | Watch Tower |
| 10:15 | Queue | Villager (Male) |
| 10:39 | Build | House |
| 10:41 | Queue | Villager (Male) |
| 10:46 | Build | House |
| 10:50 | Build | Palisade Wall |
| 10:51 | Build | Palisade Wall |
| 10:52 | Queue | Villager (Male) |
| 11:07 | Build | Palisade Wall |
| 11:07 | Build | Palisade Wall |
| 11:07 | Build | Palisade Wall |
| 11:07 | Build | Palisade Wall |
| 11:08 | Build | Palisade Wall |
| 11:08 | Build | Palisade Wall |
| 11:08 | Build | Palisade Wall |
| 11:08 | Build | Palisade Wall |
| 11:18 | Queue | Villager (Male) |
| 11:36 | Queue | Villager (Male) |
| 11:44 | Research | Horse Collar |
| 12:01 | Build | Watch Tower |
| 12:07 | Research | Town Watch |
| 12:24 | Queue | Villager (Male) |
| 12:34 | Queue | Villager (Male) |
| 13:04 | Queue | Villager (Male) |
| 13:20 | Build | Blacksmith |
| 13:30 | Build | Watch Tower |
| 13:35 | Queue | Villager (Male) |
| 13:48 | Queue | Villager (Male) |
| 13:52 | Build | Farm |
| 13:57 | Build | Palisade Gate |
| 14:03 | Queue | Villager (Male) |
| 14:08 | Research | Fletching |
| 14:14 | Queue | Villager (Male) |
| 14:16 | Build | Farm |
| 14:20 | Build | Farm |
| 14:23 | Queue | Villager (Male) |
| 14:26 | Build | House |
| 14:41 | Queue | Villager (Male) |
| 14:44 | Build | Farm |
| 14:50 | Build | Farm |
| 15:06 | Queue | Villager (Male) |
| 15:09 | Build | House |
| 15:22 | Queue | Villager (Male) |
| 15:25 | Build | Farm |
| 15:33 | Queue | Villager (Male) |
| 15:35 | Build | Farm |
| 15:47 | Queue | Villager (Male) |
| 15:51 | Build | Farm |
| 16:05 | Build | Farm |
| 16:18 | Build | Farm |
| 16:26 | Build | Farm |
| 16:41 | Queue | Villager (Male) |
| 16:43 | Build | Farm |
| 16:51 | Build | House |
| 17:19 | Build | Farm |
| 17:21 | Build | Farm |
| 17:35 | Queue | Villager (Male) |
| 17:47 | Build | Farm |
| 17:50 | Build | Farm |
| 17:56 | Build | Palisade Wall |
| 18:04 | Queue | Villager (Male) |
| 18:10 | Build | Mill |
| 18:20 | Queue | Villager (Male) |
| 18:24 | Build | Farm |
| 18:31 | Build | Palisade Wall |
| 18:32 | Build | Palisade Wall |
| 18:32 | Build | Palisade Wall |
| 18:32 | Build | Palisade Wall |
| 18:32 | Build | Palisade Wall |
| 18:33 | Build | Palisade Wall |
| 18:33 | Build | Palisade Wall |
| 18:33 | Build | Palisade Wall |
| 18:33 | Build | Palisade Wall |
| 18:36 | Queue | Villager (Male) |
| 19:01 | Build | Watch Tower |
| 19:03 | Queue | Villager (Male) |
| 19:12 | Queue | Villager (Male) |
| 19:21 | Build | Palisade Wall |
Match timeline
| 7:48 | Mattroid 99 · first_building Barracks |
| 8:25 | elbanovic · age_up feudal |
| 8:59 | Mattroid 99 · age_up feudal |
| 9:01 | Mattroid 99 · first_building Archery Range |
| 9:03 | elbanovic · wall_segment Palisade Wall x1 |
| 9:03 | elbanovic · wall_segment Palisade Wall x1 |
| 9:04 | elbanovic · wall_segment Palisade Wall x1 |
| 9:04 | elbanovic · wall_segment Palisade Wall x1 |
| 9:06 | elbanovic · wall_segment Palisade Wall x1 |
| 9:06 | elbanovic · wall_segment Palisade Wall x1 |
| 9:07 | elbanovic · wall_segment Palisade Wall x1 |
| 9:07 | elbanovic · wall_segment Palisade Wall x1 |
| 9:07 | elbanovic · wall_segment Palisade Wall x1 |
| 9:08 | elbanovic · wall_segment Palisade Wall x1 |
| 9:08 | elbanovic · wall_segment Palisade Wall x2 |
| 9:08 | elbanovic · wall_segment Palisade Wall x2 |
| 9:08 | elbanovic · wall_segment Palisade Wall x2 |
| 9:08 | elbanovic · wall_segment Palisade Wall x1 |
| 9:30 | elbanovic · wall_segment Palisade Wall x1 |
| 9:31 | elbanovic · wall_segment Palisade Wall x2 |
| 9:31 | elbanovic · wall_segment Palisade Wall x1 |
| 9:31 | elbanovic · wall_segment Palisade Wall x2 |
| 9:31 | elbanovic · wall_segment Palisade Wall x2 |
| 9:31 | elbanovic · wall_segment Palisade Wall x2 |
| 9:32 | elbanovic · wall_segment Palisade Wall x2 |
| 9:32 | elbanovic · wall_segment Palisade Wall x2 |
| 9:32 | elbanovic · wall_segment Palisade Wall x1 |
| 9:32 | elbanovic · wall_segment Palisade Wall x2 |
| 9:33 | elbanovic · wall_segment Palisade Wall x1 |
| 9:33 | elbanovic · wall_segment Palisade Wall x2 |
| 9:33 | elbanovic · wall_segment Palisade Wall x2 |
| 9:33 | elbanovic · wall_segment Palisade Wall x1 |
| 9:34 | elbanovic · wall_segment Palisade Wall x1 |
| 9:35 | elbanovic · wall_segment Palisade Wall x1 |
| 9:39 | elbanovic · wall_segment Palisade Wall x1 |
| 9:39 | elbanovic · wall_segment Palisade Wall x2 |
| 9:39 | elbanovic · wall_segment Palisade Wall x1 |
| 9:39 | elbanovic · wall_segment Palisade Wall x1 |
| 9:40 | elbanovic · wall_segment Palisade Wall x2 |
| 9:40 | elbanovic · wall_segment Palisade Wall x2 |
| 9:40 | elbanovic · wall_segment Palisade Wall x1 |
| 9:40 | elbanovic · wall_segment Palisade Wall x1 |
| 9:41 | elbanovic · wall_segment Palisade Wall x1 |
| 10:50 | elbanovic · wall_segment Palisade Wall x10 |
| 10:51 | elbanovic · wall_segment Palisade Wall x11 |
| 11:07 | elbanovic · wall_segment Palisade Wall x1 |
| 11:07 | elbanovic · wall_segment Palisade Wall x1 |
| 11:07 | elbanovic · wall_segment Palisade Wall x2 |
| 11:07 | elbanovic · wall_segment Palisade Wall x2 |
| 11:08 | elbanovic · wall_segment Palisade Wall x2 |
| 11:08 | elbanovic · wall_segment Palisade Wall x1 |
| 11:08 | elbanovic · wall_segment Palisade Wall x1 |
| 11:08 | elbanovic · wall_segment Palisade Wall x1 |
| 17:56 | elbanovic · wall_segment Palisade Wall x1 |
| 18:31 | elbanovic · wall_segment Palisade Wall x1 |
| 18:32 | elbanovic · wall_segment Palisade Wall x2 |
| 18:32 | elbanovic · wall_segment Palisade Wall x1 |
| 18:32 | elbanovic · wall_segment Palisade Wall x2 |
| 18:32 | elbanovic · wall_segment Palisade Wall x1 |
| 18:33 | elbanovic · wall_segment Palisade Wall x1 |
| 18:33 | elbanovic · wall_segment Palisade Wall x1 |
| 18:33 | elbanovic · wall_segment Palisade Wall x1 |
| 18:33 | elbanovic · wall_segment Palisade Wall x2 |
| 19:21 | elbanovic · wall_segment Palisade Wall x1 |
| 19:58 | Mattroid 99 · first_market_buy 100 food |
| 21:56 | elbanovic · first_building Barracks |
| 22:38 | Mattroid 99 · age_up castle |
| 22:47 | Mattroid 99 · first_building Castle |
| 23:37 | elbanovic · age_up castle |
| 24:44 | elbanovic · first_market_sell 100 food |
| 24:47 | elbanovic · first_market_buy 100 stone |
| 24:50 | elbanovic · first_building Siege Workshop |
| 25:17 | Mattroid 99 · first_market_sell 100 wood |
| 28:16 | elbanovic · first_building Stable |
| 29:39 | elbanovic · first_building Monastery |
| 36:12 | elbanovic · first_building Castle |
| 37:45 | elbanovic · first_building Archery Range |
| 38:10 | Mattroid 99 · age_up imperial |
| 39:00 | elbanovic · age_up imperial |
| 39:25 | Mattroid 99 · first_building Siege Workshop |
| 54:44 | Mattroid 99 · resign |
[ AI ANALYSIS · 1 CREDIT ]
What really happened in this match?
Wolo.gg analyzes every decision: build order, eco, micro, common mistakes by bracket. Personalized analysis on WhatsApp or Discord in 30 seconds.
Civ guide
Bohemians
Perfil
Jugador #11475973